[Event "Titled Tuesday Blitz February 07 Early 2023"]
[White "Makarian, Rudik"]
[Black "Fier, Alexandr"]
[WhiteFideId "44105681"]
[BlackFideId "2107139"]
[WhiteElo "2545"]
[BlackElo "2589"]
[Result "0-1"]
[Round "09"]
[TimeControl "180+2"]
[Date "2023.02.07"]
[WhiteClock "0:00:04"]
[BlackClock "0:01:35"]

1. d4 Nf6 2. c4 c5 3. d5 e6 4. Nc3 exd5 5. cxd5 d6 6. e4 g6 7. f4 Bh6 8. Bb5+ Bd7 9. Bd3 O-O 10. Nf3 Bg4 11. O-O Re8 12. h3 Bxf3 13. Qxf3 Nbd7 14. Kh1 Rc8 15. g4 Bg7 16. g5 Nh5 17. Qg2 c4 18. Be2 Nc5 19. Bxh5 gxh5 20. e5 dxe5 21. f5 e4 22. f6 Bf8 23. Be3 Nd3 24. Rf5 Bc5 25. Qe2 Bxe3 26. Qxe3 Qb6 27. Qe2 Qxb2 28. Qxb2 Nxb2 29. d6 Rcd8 30. Rb1 Nd3 31. Rxb7 Rxd6 32. Nxe4 Rde6 33. Nc3 Re1+ 34. Kg2 Rc1 35. Re7 Rb8 36. Rb5 Rf8 37. Nd5 c3 38. Rc7 c2 39. Rb3 Rd1 40. Ne7+ Kh8 41. Rxd3 Rxd3 42. Rxc2 h4 43. Rc5 Rg3+ 44. Kh2 h6 45. gxh6 Kh7 46. Nf5 Rg5 47. Rd5 Rb8 48. Ne3 Rb2+ 49. Kh1 Rxd5 50. Nxd5 Rxa2 51. Ne7 Rf2 52. Kg1 Rxf6 53. Nd5 Rg6+ 0-1


[Site "https://www.chess.com"]

[Event "Titled Tuesday Blitz February 07 Early 2023"]
[White "Assaubayeva, Bibisara"]
[Black "Kozak, Adam"]
[WhiteFideId "13708694"]
[BlackFideId "753246"]
[WhiteElo "2464"]
[BlackElo "2572"]
[Result "0-1"]
[Round "09"]
[TimeControl "180+2"]
[Date "2023.02.07"]
[WhiteClock "0:00:02"]
[BlackClock "0:00:03"]

1. e4 e5 2. Nf3 Nc6 3. Bc4 Bc5 4. Nc3 Nf6 5. d3 a6 6. O-O d6 7. Be3 Bxe3 8. fxe3 O-O 9. d4 b5 10. Bd3 h6 11. d5 Ne7 12. Nd2 Ng6 13. b4 Bd7 14. h3 c5 15. dxc6 Bxc6 16. a4 Qb6 17. Qe1 bxa4 18. Rb1 Nh7 19. Nc4 Qc7 20. Na5 Ne7 21. Qh4 Ng5 22. Ra1 Bb5 23. Qe1 Qb6 24. Qe2 Bxd3 25. Qxd3 Qxb4 26. Rxa4 Qc5 27. Nb3 Qc6 28. Rc4 Qd7 29. Rd1 Rad8 30. Ra4 Ng6 31. Rxa6 Nh4 32. Qe2 Nxh3+ 33. gxh3 Qxh3 34. Raxd6 Qg3+ 35. Kf1 Rc8 36. Nd5 Kh8 37. Ne7 Qh3+ 38. Kg1 Nf3+ 39. Kf2 Rxc2 40. Qxc2 Qh2+ 41. Kxf3 Qxc2 42. Rd8 Rxd8 43. Rxd8+ Kh7 44. Nd2 Qd1+ 45. Kf2 Qh1 46. Nf3 Qa1 47. Nf5 Qa7 48. Rd2 Qc7 49. Ng3 g6 50. Kg2 Kg7 51. Kf2 Qa7 52. Kg2 Qxe3 53. Re2 Qc5 54. Rd2 Qe7 55. Rd5 f6 56. Nf1 h5 57. Ng3 Qe6 58. Rd3 Qg4 59. Kf2 h4 60. Ne2 g5 61. Rd7+ Qxd7 0-1


[Site "https://www.chess.com"]

[Event "Titled Tuesday Blitz February 07 Early 2023"]
[White "Gokerkan, Cem Kaan"]
[Black "Rakhmatullaev, Almas"]
[WhiteFideId "6336760"]
[BlackFideId "14205793"]
[WhiteElo "2500"]
[BlackElo "2275"]
[Result "0-1"]
[Round "09"]
[TimeControl "180+2"]
[Date "2023.02.07"]
[WhiteClock "0:00:08"]
[BlackClock "0:00:09"]

1. e4 e5 2. Nc3 Nf6 3. g3 g6 4. Bg2 Bg7 5. Nge2 O-O 6. O-O d6 7. d3 Nc6 8. h3 Ne8 9. f4 f5 10. Be3 Be6 11. d4 exd4 12. Nxd4 Nxd4 13. Bxd4 fxe4 14. Nxe4 h6 15. Qd2 Qd7 16. Kh2 Rd8 17. Rae1 Qa4 18. Bxg7 Nxg7 19. Nc3 Qb4 20. Re4 Qc5 21. Rfe1 Bf7 22. b4 Qh5 23. Re7 d5 24. Rxc7 g5 25. g4 Qh4 26. f5 h5 27. Bf3 Rfe8 28. Rxe8+ Nxe8 29. Rxb7 Nf6 30. Qg2 hxg4 31. Bxg4 d4 32. Rxf7 Kxf7 33. Ne4 Nxe4 34. Qxe4 Qf2+ 35. Kh1 Qf1+ 36. Kh2 Qf4+ 37. Qxf4 gxf4 38. Be2 Kf6 39. Bd3 Rg8 40. a4 f3 41. b5 f2 42. a5 Rg1 43. b6 axb6 44. axb6 f1=Q 45. Bxf1 Rxf1 46. Kg3 Rxf5 0-1


[Site "https://www.chess.com"]

[Event "Titled Tuesday Blitz February 07 Early 2023"]
[White "Szpar, Milosz"]
[Black "Harsha Bharathakoti"]
[WhiteFideId "1184989"]
[BlackFideId "5078776"]
[WhiteElo "2447"]
[BlackElo "2602"]
[Result "1-0"]
[Round "09"]
[TimeControl "180+2"]
[Date "2023.02.07"]
[WhiteClock "0:00:11"]
[BlackClock "0:00:04"]

1. e4 g6 2. d4 Bg7 3. Nf3 d6 4. Bc4 Nf6 5. Qe2 O-O 6. O-O Bg4 7. Nbd2 Nc6 8. Qd3 e5 9. dxe5 dxe5 10. h3 Bd7 11. a3 Qe7 12. Re1 Rad8 13. Qe3 Nh5 14. Nf1 Nf4 15. b4 Be6 16. Qb3 h5 17. Bxf4 exf4 18. Rad1 Bxc4 19. Qxc4 a6 20. Rd5 Ne5 21. Nxe5 Bxe5 22. Nd2 c6 23. Rd3 Rxd3 24. cxd3 Rd8 25. Nf3 Qd6 26. d4 Bxd4 27. e5 Qd5 28. Qc2 Bb6 29. e6 f5 30. e7 Re8 31. Re5 Qd6 32. Qc4+ Kg7 33. Re6 Qd1+ 34. Re1 Qd5 35. Qc3+ Kg8 36. Qf6 Qf7 37. Qd6 Kg7 38. Re6 Bc7 39. Qd4+ Kg8 40. Ng5 Qg7 41. Qd7 Qa1+ 42. Kh2 f3+ 43. g3 Bxg3+ 44. Kxg3 Qg1+ 45. Kxf3 Qh1+ 46. Ke2 1-0


[Site "https://www.chess.com"]

[Event "Titled Tuesday Blitz February 07 Early 2023"]
[White "Postny, Evgeny"]
[Black "Ajay, Karthikeyan"]
[WhiteFideId "2804344"]
[BlackFideId "35011685"]
[WhiteElo "2549"]
[BlackElo "2454"]
[Result "1/2-1/2"]
[Round "09"]
[TimeControl "180+2"]
[Date "2023.02.07"]
[WhiteClock "0:00:06"]
[BlackClock "0:00:18"]

1. Nf3 Nf6 2. c4 g6 3. Nc3 Bg7 4. e4 O-O 5. d4 d6 6. Be2 Bg4 7. O-O Nc6 8. Be3 Nd7 9. d5 Bxf3 10. Bxf3 Nce5 11. Be2 Nb6 12. Qb3 Ned7 13. Qc2 c6 14. b3 Rc8 15. Rac1 cxd5 16. exd5 Bxc3 17. Bxb6 Nxb6 18. Qxc3 Nxd5 19. Qd4 Nb6 20. Bf3 Qc7 21. Rfe1 Rfe8 22. h4 Nd7 23. Qxa7 Nc5 24. Qa3 Ra8 25. Qb4 Nd3 26. Qxb7 Qxb7 27. Bxb7 Rxa2 28. Bc6 Rc8 29. Bd5 e6 30. Bf3 Rb8 31. Ra1 Nxe1 32. Rxa2 Nxf3+ 33. gxf3 Rxb3 34. Kg2 Rc3 35. Ra4 h5 36. Kg3 Kg7 37. Ra6 Rd3 38. Rc6 Kf6 39. Rc7 Rc3 40. Rd7 Rd3 41. c5 d5 42. c6 Rc3 43. c7 e5 44. Rd6+ Kf5 45. Rxd5 Rxc7 46. Ra5 Rc3 47. Kg2 f6 48. Ra6 Rc4 49. Kg3 Rf4 50. Rb6 Rc4 51. Ra6 g5 52. hxg5 fxg5 53. Ra8 Rc3 54. Kg2 h4 55. Rf8+ Ke6 56. Re8+ Kf6 57. Rf8+ Kg6 58. Re8 Kf6 59. Rf8+ Ke6 60. Rg8 h3+ 61. Kxh3 Rxf3+ 62. Kg2 Rf5 63. Ra8 e4 64. Ra6+ Ke5 65. Ra8 Kf4 66. Re8 Re5 67. Rf8+ Kg4 68. Rg8 e3 69. fxe3 Rxe3 70. Rg7 Re2+ 71. Kf1 Rb2 72. Kg1 Kh4 73. Ra7 g4 74. Ra3 Rc2 75. Rb3 Ra2 76. Rc3 Ra1+ 77. Kg2 Ra2+ 78. Kg1 Rd2 79. Rb3 Rd6 80. Kg2 Rf6 81. Ra3 Rc6 82. Rb3 Rc5 83. Ra3 Kg5 84. Rb3 Ra5 85. Rc3 Rf5 86. Kg3 Rb5 87. Rd3 Rc5 88. Ra3 Rf5 89. Rb3 Kh5 90. Ra3 Rb5 91. Rc3 Rd5 92. Rb3 Rc5 93. Ra3 Kg5 94. Rb3 Re5 95. Ra3 Rf5 96. Rb3 Rf1 97. Ra3 Rg1+ 98. Kf2 Rc1 99. Kg3 Rg1+ 100. Kf2 Rh1 101. Kg2 Rh3 102. Rxh3 gxh3+ 103. Kxh3 1/2-1/2


[Site "https://www.chess.com"]

[Event "Titled Tuesday Blitz February 07 Early 2023"]
[White "Lobanov, Sergei"]
[Black "Gjestemoen-VonHirsch, Andre"]
[WhiteFideId "24183750"]
[BlackFideId "1539531"]
[WhiteElo "2536"]
[BlackElo "2314"]
[Result "0-1"]
[Round "09"]
[TimeControl "180+2"]
[Date "2023.02.07"]
[WhiteClock "0:00:36"]
[BlackClock "0:00:33"]

1. Nf3 Nf6 2. d4 g6 3. c4 c5 4. d5 b5 5. cxb5 a6 6. e3 Bg7 7. Nc3 O-O 8. bxa6 Qa5 9. Be2 Bxa6 10. O-O d6 11. Nd2 Nfd7 12. Bxa6 Nxa6 13. Nc4 Qb4 14. Qe2 Nc7 15. Bd2 Nb6 16. Nxb6 Qxb6 17. b3 Qa6 18. Qxa6 Rxa6 19. e4 Ra3 20. Nb1 Rxb3 21. axb3 Bxa1 22. Nc3 Ra8 23. Rb1 Bxc3 24. Bxc3 Nb5 25. Bb2 Ra2 26. h3 Kf8 27. Kf1 e6 28. dxe6 fxe6 29. Ke1 Ke7 30. Kd2 Na3 31. Ra1 Rxb2+ 32. Kc3 Rc2+ 33. Kd3 Rxf2 34. Rxa3 Rxg2 35. Ra7+ Kf6 36. Rxh7 Rg3+ 37. Kc4 Ke5 38. Rh4 Re3 39. Rh6 Rxe4+ 40. Kd3 Rd4+ 41. Kc3 g5 42. h4 Rxh4 0-1


[Site "https://www.chess.com"]

[Event "Titled Tuesday Blitz February 07 Early 2023"]
[White "Kollars, Dmitrij"]
[Black "Dehtiarov, Roman"]
[WhiteFideId "12909572"]
[BlackFideId "14186640"]
[WhiteElo "2607"]
[BlackElo "2289"]
[Result "1-0"]
[Round "09"]
[TimeControl "180+2"]
[Date "2023.02.07"]
[WhiteClock "0:00:18"]
[BlackClock "0:00:01"]

1. Nf3 Nf6 2. g3 d5 3. Bg2 e6 4. O-O c5 5. c4 d4 6. e3 Nc6 7. Re1 Be7 8. d3 O-O 9. exd4 cxd4 10. a3 a5 11. Ne5 Bd7 12. Nxd7 Qxd7 13. Bg5 h6 14. Bxf6 Bxf6 15. Nd2 e5 16. Qa4 Qc7 17. Qb5 a4 18. b4 axb3 19. Nxb3 Be7 20. Bxc6 bxc6 21. Qxe5 Qxe5 22. Rxe5 Rxa3 23. Rxa3 Bxa3 24. Kf1 Rb8 25. Nxd4 Rd8 26. Nxc6 Rxd3 27. Ra5 Rc3 28. Ne5 f6 29. Ng6 Kh7 30. Nf4 Bd6 31. Ne6 Rxc4 32. Ra7 Rg4 33. Rd7 Bb4 34. Kg2 f5 35. Rb7 Rg6 36. Nf4 Bd2 37. Nxg6 Kxg6 38. Kf3 Bg5 39. Ke2 Bf6 40. Kd3 f4 41. g4 Bg5 42. f3 Bf6 43. Ke4 Kg5 44. Rb5+ Kg6 45. Kxf4 Bg5+ 46. Ke4 h5 47. f4 Bf6 48. g5 Be7 49. h4 Ba3 50. f5+ Kh7 51. Rb7 Bc1 52. g6+ Kh6 53. Rb8 1-0


[Site "https://www.chess.com"]

[Event "Titled Tuesday Blitz February 07 Early 2023"]
[White "Indjic, Aleksandar"]
[Black "Malek, Jan"]
[WhiteFideId "911925"]
[BlackFideId "21864080"]
[WhiteElo "2618"]
[BlackElo "2370"]
[Result "1-0"]
[Round "09"]
[TimeControl "180+2"]
[Date "2023.02.07"]
[WhiteClock "0:00:42"]
[BlackClock "0:00:21"]

1. e4 c5 2. Nf3 Nc6 3. d4 cxd4 4. Nxd4 g6 5. c4 Bg7 6. Be3 Qb6 7. Nb5 Qa5+ 8. N5c3 d6 9. Be2 Qb4 10. Qd2 Nf6 11. f3 O-O 12. Na3 Be6 13. Rb1 Nd7 14. Nd5 Qxd2+ 15. Kxd2 Rfc8 16. Nc2 a5 17. Rhc1 Kf8 18. g4 a4 19. h4 Ra5 20. g5 Nc5 21. h5 Ne5 22. hxg6 hxg6 23. Na3 Nc6 24. Nb5 Bxd5 25. cxd5 Nb4 26. Bxc5 dxc5 27. a3 Na6 28. f4 Nc7 29. Rxc5 1-0


[Site "https://www.chess.com"]

[Event "Titled Tuesday Blitz February 07 Early 2023"]
[White "Nguyen, Quoc Hy"]
[Black "Bok, Benjamin"]
[WhiteFideId "12410853"]
[BlackFideId "1017063"]
[WhiteElo "2352"]
[BlackElo "2607"]
[Result "1-0"]
[Round "09"]
[TimeControl "180+2"]
[Date "2023.02.07"]
[WhiteClock "0:00:50"]
[BlackClock "0:00:03"]

1. e4 c5 2. Nf3 d6 3. Bb5+ Nd7 4. O-O a6 5. Bxd7+ Bxd7 6. c3 Bg4 7. h3 Bh5 8. d4 e6 9. Re1 Be7 10. Qb3 Qc7 11. Be3 Nf6 12. Nbd2 O-O 13. Bf4 cxd4 14. cxd4 Rfc8 15. Qe3 Qb6 16. b3 d5 17. e5 Nd7 18. Nf1 Bxf3 19. gxf3 Bb4 20. Rec1 Ba3 21. Rxc8+ Rxc8 22. Ng3 Rc2 23. Nh5 Qd8 24. Kh2 Qh4 25. Ng3 Be7 26. Rc1 Rc6 27. Rg1 Nf8 28. Ne2 Ng6 29. Rg4 Qh5 30. Ng3 Nxf4 31. Qxf4 Qg6 32. Rxg6 hxg6 33. Qd2 b5 34. Kg2 b4 35. Ne2 a5 36. Kg3 g5 37. Nc1 Rc3 38. Ne2 Rc6 39. Kg2 Bd8 40. Ng3 g6 41. Nf1 Kg7 42. Nh2 Rc3 43. Ng4 Be7 44. Qe2 Kf8 45. Qa6 Rc2 46. Qxa5 Rd2 47. Qa8+ Kg7 48. Qe8 Bf8 49. Nf6 Rxd4 50. Nd7 1-0


[Site "https://www.chess.com"]

[Event "Titled Tuesday Blitz February 07 Early 2023"]
[White "Leiva, Gianmarco"]
[Black "Chigaev, Maksim"]
[WhiteFideId "3804399"]
[BlackFideId "4108116"]
[WhiteElo "2392"]
[BlackElo "2628"]
[Result "0-1"]
[Round "09"]
[TimeControl "180+2"]
[Date "2023.02.07"]
[WhiteClock "0:00:10"]
[BlackClock "0:01:18"]

1. e4 c5 2. Nf3 e6 3. c3 d5 4. exd5 Qxd5 5. d4 Nf6 6. Na3 Qd8 7. Nc4 Nc6 8. Be3 Nd5 9. Bg5 Be7 10. Bxe7 Qxe7 11. Nce5 Nxe5 12. dxe5 O-O 13. Qc2 b6 14. Bd3 h6 15. O-O Bb7 16. Rfe1 Rfd8 17. Be4 Nf4 18. Bxb7 Qxb7 19. Qe4 Qxe4 20. Rxe4 Nd5 21. Re2 Ne7 22. Kf1 g5 23. h3 Kg7 24. Ke1 Rd5 25. Rd1 Rad8 26. Red2 Ng6 27. c4 Rxd2 28. Rxd2 Rxd2 29. Kxd2 Nf4 30. Ne1 Kg6 31. Ke3 Kf5 32. g4+ Kxe5 33. h4 f5 34. hxg5 hxg5 35. Nf3+ Kf6 36. gxf5 exf5 37. a3 Ng2+ 38. Ke2 g4 39. Nd2 Nf4+ 40. Ke3 Ke5 41. b4 Ng2+ 42. Kd3 Ne1+ 43. Kc3 f4 44. bxc5 bxc5 45. a4 g3 46. fxg3 fxg3 0-1


[Site "https://www.chess.com"]

[Event "Titled Tuesday Blitz February 07 Early 2023"]
[White "Ter-Sahakyan, Samvel"]
[Black "Aradhya, Garg"]
[WhiteFideId "13302531"]
[BlackFideId "25006746"]
[WhiteElo "2617"]
[BlackElo "2284"]
[Result "1-0"]
[Round "09"]
[TimeControl "180+2"]
[Date "2023.02.07"]
[WhiteClock "0:00:38"]
[BlackClock "0:00:44"]

1. d4 d5 2. c4 e6 3. Nf3 Nf6 4. g3 dxc4 5. Bg2 Bd7 6. Nbd2 Bc6 7. Nxc4 Nbd7 8. O-O Be7 9. Bf4 O-O 10. Rc1 a5 11. a3 a4 12. Re1 Be4 13. Ncd2 Bc6 14. e4 Rc8 15. Qc2 h6 16. Nc4 Ra8 17. Rcd1 Nb6 18. Nfe5 Bb5 19. Nxb6 cxb6 20. d5 exd5 21. exd5 Bd6 22. Qf5 Qc8 23. Qxc8 Raxc8 24. Ng6 Bxf4 25. Ne7+ Kh7 26. Nxc8 Rxc8 27. gxf4 Rc2 28. d6 Bd7 29. Be4+ Nxe4 30. Rxe4 Rc8 31. Re7 Rd8 32. Rxf7 Kg6 33. Re7 Kf6 34. Rd4 Bc6 35. h3 Rxd6 36. Rxd6+ Kxe7 37. Rd4 Ke6 38. Kh2 Kf5 39. Kg3 Ke6 40. Kg4 g6 41. h4 Kf6 42. Rd6+ Kf7 43. f5 h5+ 44. Kg5 gxf5 45. Kxf5 Ke7 46. Rd4 Be8 47. Kg5 Bf7 48. Rxa4 Kd6 49. f4 Kc5 50. Rb4 b5 51. f5 Be8 52. Kf6 Kd6 53. Rd4+ Kc5 54. Rd2 Bc6 55. Ke7 b4 56. axb4+ Kxb4 57. f6 1-0


[Site "https://www.chess.com"]

[Event "Titled Tuesday Blitz February 07 Early 2023"]
[White "Remizov, Yaroslav"]
[Black "Lianes Garcia, Marcos"]
[WhiteFideId "34134015"]
[BlackFideId "32060777"]
[WhiteElo "2421"]
[BlackElo "2411"]
[Result "0-1"]
[Round "09"]
[TimeControl "180+2"]
[Date "2023.02.07"]
[WhiteClock "0:01:15"]
[BlackClock "0:00:39"]

1. e4 g6 2. d4 Bg7 3. Nc3 c5 4. dxc5 Bxc3+ 5. bxc3 Qa5 6. Qd4 Nf6 7. Qb4 Qc7 8. Nf3 Nc6 9. Qa4 Ne5 10. Be3 Neg4 11. Bd4 e5 12. Be3 Nxe3 13. fxe3 Qxc5 14. Bd3 Qxe3+ 15. Kd1 Ng4 16. Rf1 Nf2+ 17. Rxf2 Qxf2 18. Kc1 Qc5 19. Bc4 O-O 20. Bb3 Qxc3 21. Rb1 d6 22. Qa3 Qc5 23. Qa4 b5 24. Qa5 Bd7 25. Qd2 Kg7 26. h4 a5 27. h5 a4 28. Bd5 Rac8 29. Rb2 f6 30. a3 Qxa3 31. Kb1 Qc3 32. Qf2 b4 33. h6+ Kh8 34. Qa7 Rc7 35. Qb6 Qc5 36. Qxb4 Qxb4 37. Rxb4 Bc6 38. Rc4 Rb7+ 39. Kc1 Bxd5 40. exd5 Ra8 41. Nd2 a3 42. Nb3 a2 43. Kd2 Rxb3 44. Ra4 Rxa4 0-1


[Site "https://www.chess.com"]

[Event "Titled Tuesday Blitz February 07 Early 2023"]
[White "Fiorito, Joaquin"]
[Black "Zhigalko, Sergei"]
[WhiteFideId "180173"]
[BlackFideId "13502956"]
[WhiteElo "2405"]
[BlackElo "2572"]
[Result "0-1"]
[Round "09"]
[TimeControl "180+2"]
[Date "2023.02.07"]
[WhiteClock "0:01:31"]
[BlackClock "0:01:34"]

1. d4 Nf6 2. Nc3 d5 3. Bf4 a6 4. e3 b5 5. Nf3 Bb7 6. Bd3 e6 7. Ne5 c5 8. O-O c4 9. Be2 Nc6 10. Bf3 Be7 11. Ne2 O-O 12. Ng3 Nxe5 13. dxe5 Nd7 14. Ne2 Qc7 15. a4 Nxe5 16. Nd4 Nxf3+ 17. Nxf3 Qb6 18. Be5 f6 19. Bd4 Qc6 20. Bc3 b4 21. Nd4 Qd7 22. Be1 e5 23. Nf3 a5 24. c3 b3 25. Nd2 Bc6 26. Kh1 Bxa4 27. e4 Bc6 28. Qe2 a4 29. f3 Rfd8 30. exd5 Qxd5 31. Qxc4 Qxc4 32. Nxc4 Bb5 0-1


[Site "https://www.chess.com"]

[Event "Titled Tuesday Blitz February 07 Early 2023"]
[White "Bulmaga, Irina"]
[Black "Gharibyan, Mamikon"]
[WhiteFideId "13903063"]
[BlackFideId "13308300"]
[WhiteElo "2422"]
[BlackElo "2500"]
[Result "0-1"]
[Round "09"]
[TimeControl "180+2"]
[Date "2023.02.07"]
[WhiteClock "0:00:01"]
[BlackClock "0:01:22"]

1. e3 g6 2. Nf3 Bg7 3. d4 Nf6 4. Be2 d6 5. Nc3 O-O 6. O-O d5 7. Ne5 c5 8. dxc5 Qc7 9. Nd3 Nbd7 10. Nb5 Qc6 11. Nd4 Qc7 12. Nb5 Qb8 13. Bd2 Ne4 14. Bb4 a6 15. Nc3 Nxc3 16. Bxc3 Bxc3 17. bxc3 Qc7 18. Bf3 Nf6 19. Re1 Rd8 20. Rb1 Bf5 21. Qc1 e5 22. Be2 Kg7 23. Qb2 e4 24. Nf4 Qxc5 25. Qxb7 Qxc3 26. Qb3 Rdc8 27. Red1 Qxc2 28. Bf1 Qxb3 29. Rxb3 Rc5 30. Ra3 a5 31. h3 Rb8 32. g4 Be6 33. g5 Nd7 34. Ra4 Ne5 35. Be2 h6 36. gxh6+ Kxh6 37. Rad4 Rb2 38. Kf1 Rxa2 0-1


[Site "https://www.chess.com"]

[Event "Titled Tuesday Blitz February 07 Early 2023"]
[White "Belozerov, Andrei"]
[Black "Aitbayev, Aslan"]
[WhiteFideId "4120213"]
[BlackFideId "13704613"]
[WhiteElo "2461"]
[BlackElo "2427"]
[Result "1-0"]
[Round "09"]
[TimeControl "180+2"]
[Date "2023.02.07"]
[WhiteClock "0:00:03"]
[BlackClock "0:00:06"]

1. e4 d6 2. d4 g6 3. Nc3 a6 4. Nf3 Bg7 5. Be3 b5 6. Qd2 Nf6 7. e5 b4 8. exf6 bxc3 9. Qxc3 exf6 10. d5 O-O 11. O-O-O Nd7 12. Nd4 f5 13. Qa5 Qf6 14. c3 Nb6 15. Nc6 Bd7 16. h4 Bxc6 17. dxc6 Qe6 18. Bxb6 cxb6 19. Qd5 Qxd5 20. Rxd5 Be5 21. g3 f4 22. gxf4 Bxf4+ 23. Kc2 Rfc8 24. Bg2 Ra7 25. Rd3 Re7 26. Bf3 h5 27. a4 Re6 28. b4 Rf6 29. Kb3 Be5 30. Rhd1 Kf8 31. R1d2 Ke7 32. Bd5 Rf4 33. Re3 Rxh4 34. Rd4 Rg4 35. f4 f6 36. fxe5 dxe5 37. Rd2 h4 38. Bf3 Rg3 39. Rd7+ Ke8 40. Red3 f5 41. Bd5 Rxd3 42. Kc4 Rd1 43. Bf7+ Kf8 44. Rxd1 Kxf7 45. b5 axb5+ 46. axb5 h3 47. Rh1 Rh8 48. Kd5 Kf6 49. c7 g5 50. Rxh3 Rxh3 51. c8=Q Rd3+ 52. Kc4 e4 53. Qc6+ Ke5 54. Qxb6 g4 55. Qc7+ Ke6 56. b6 g3 57. Qc6+ Rd6 58. Qe8+ Kf6 59. Qf8+ Ke5 60. Qg7+ Kf4 61. Qc7 Ke5 62. Kc5 Kf4 63. Qxd6+ Kf3 64. Qd1+ Kf2 65. b7 g2 66. b8=Q g1=Q 67. Qf4+ Kg2+ 1-0


[Site "https://www.chess.com"]

[Event "Titled Tuesday Blitz February 07 Early 2023"]
[White "Vakhlamov, Igor L."]
[Black "Megalios, Konstantinos"]
[WhiteFideId "24126748"]
[BlackFideId "4238044"]
[WhiteElo "2413"]
[BlackElo "2372"]
[Result "1-0"]
[Round "09"]
[TimeControl "180+2"]
[Date "2023.02.07"]
[WhiteClock "0:00:30"]
[BlackClock "0:00:04"]

1. e4 c5 2. Nf3 Nc6 3. Nc3 g6 4. d4 cxd4 5. Nxd4 Bg7 6. Nxc6 bxc6 7. Bc4 d6 8. O-O Qc7 9. Bg5 Nf6 10. Qd2 O-O 11. Bh6 Rb8 12. Bb3 Ba6 13. Rfe1 Nd7 14. Rad1 Ne5 15. Bxg7 Kxg7 16. h3 Rfd8 17. f4 Qb6+ 18. Kh1 Nc4 19. Bxc4 Bxc4 20. b3 Ba6 21. f5 Qc5 22. Na4 Qe5 23. c4 c5 24. Nc3 Bb7 25. Nd5 e6 26. f6+ Kh8 27. Qh6 Rg8 28. Ne7 Bxe4 29. Nxg8 Rxg8 30. Qe3 d5 31. cxd5 exd5 32. Qxc5 Qxf6 33. Qxa7 Qg5 34. Qd4+ f6 35. Rxe4 dxe4 36. Qxe4 Rc8 37. Kh2 Kg7 38. Rd7+ Kh6 39. Rd4 Kg7 40. Qb7+ Kh6 41. Qe4 Rc1 42. Qh4+ Qxh4 43. Rxh4+ Kg5 44. Rc4 Ra1 45. a4 Rb1 46. b4 f5 47. a5 f4 48. a6 Ra1 49. b5 Ra2 50. Kg1 1-0


[Site "https://www.chess.com"]

[Event "Titled Tuesday Blitz February 07 Early 2023"]
[White "Kalogeris, Ioannis"]
[Black "Ahmadzada, Ahmad"]
[WhiteFideId "4239563"]
[BlackFideId "13413007"]
[WhiteElo "2423"]
[BlackElo "2488"]
[Result "0-1"]
[Round "09"]
[TimeControl "180+2"]
[Date "2023.02.07"]
[WhiteClock "0:00:19"]
[BlackClock "0:00:20"]

1. e4 d5 2. exd5 Qxd5 3. Nc3 Qd8 4. d4 Nf6 5. Nf3 Bg4 6. h3 Bxf3 7. Qxf3 c6 8. Be3 e6 9. O-O-O Nbd7 10. g4 Qa5 11. Kb1 Nd5 12. Nxd5 Qxd5 13. Qxd5 cxd5 14. f4 O-O-O 15. f5 exf5 16. Bf4 fxg4 17. Rd3 Nb8 18. Be2 g6 19. hxg4 Bd6 20. Rf3 Bxf4 21. Rxf4 Nc6 22. c3 Rd7 23. g5 Kc7 24. Bf3 Nd8 25. Bg4 Re7 26. Rf6 Ne6 27. Bxe6 fxe6 28. Rxg6 hxg6 29. Rxh8 e5 30. Rg8 e4 31. Kc1 Rf7 32. Rxg6 Rf1+ 33. Kd2 Rf2+ 34. Ke3 Rxb2 35. Rf6 Rxa2 36. Rf2 Rxf2 37. Kxf2 Kd6 38. g6 Ke7 39. c4 Kf6 40. cxd5 Kxg6 41. Ke3 Kf5 42. d6 Ke6 43. Kxe4 Kxd6 44. Kd3 Kd5 45. Kc3 a5 46. Kd3 b5 47. Kc3 b4+ 0-1


[Site "https://www.chess.com"]

[Event "Titled Tuesday Blitz February 07 Early 2023"]
[White "Moksh Amit Doshi"]
[Black "Kilic, Eray"]
[WhiteFideId "25064967"]
[BlackFideId "44517173"]
[WhiteElo "2401"]
[BlackElo "2414"]
[Result "0-1"]
[Round "09"]
[TimeControl "180+2"]
[Date "2023.02.07"]
[WhiteClock "0:00:22"]
[BlackClock "0:00:17"]

1. d4 Nf6 2. Nf3 g6 3. c4 Bg7 4. g3 O-O 5. Bg2 d5 6. O-O c6 7. b3 Nbd7 8. Bb2 Ne4 9. e3 Ndf6 10. Nc3 Nxc3 11. Bxc3 Ne4 12. Bb2 Bg4 13. h3 Bd7 14. Qe2 Qc8 15. Kh2 Qb8 16. Rac1 a5 17. cxd5 cxd5 18. Ne5 Be8 19. Qc2 Bb5 20. Rfd1 Rc8 21. Qxc8+ Qxc8 22. Rxc8+ Rxc8 23. Bxe4 dxe4 24. Rc1 Rxc1 25. Bxc1 Bxe5 26. dxe5 Kf8 27. a4 Bd3 28. Bd2 Bc2 29. Bxa5 Bxb3 30. Bb4 Bxa4 31. Kg1 Bb5 32. Kg2 Ke8 33. f3 Bd3 34. fxe4 Bxe4+ 35. Kf2 Kd7 36. Ke2 e6 37. Kd2 Kc6 38. Be7 Kd5 39. Bf6 Bf5 40. h4 Ke4 41. Bg5 Kxe5 42. Bf4+ Ke4 43. Bb8 Kf3 44. Bd6 Be4 45. Be5 Bc6 46. Kd3 f6 47. Bxf6 Kxg3 48. Bg5 h6 49. Bxh6 Kxh4 50. Ke2 g5 51. Kf2 g4 52. Bf4 Be4 53. Bd6 b5 54. Be7+ Kh3 55. Bd6 e5 56. Bxe5 b4 57. Kg1 g3 58. Bb2 b3 59. Bc3 Kg4 60. Kf1 Kf3 61. Bd4 Bd3+ 62. Kg1 Be4 63. Kf1 g2+ 64. Kg1 Ke2 65. Be5 Kd3 66. Bd4 Kc2 67. Be5 b2 68. Bxb2 Kxb2 69. Kf2 Kc3 70. Kg1 Kd2 71. Kf2 Kd3 72. Kg1 Ke2 73. Kh2 Kf2 74. Kh3 g1=Q 75. Kh4 Qg3+ 76. Kh5 Qg6+ 77. Kh4 Kf3 78. Kh3 Qg3# 0-1


[Site "https://www.chess.com"]

[Event "Titled Tuesday Blitz February 07 Early 2023"]
[White "Bagwe Gaurang"]
[Black "Vaishali, Rameshbabu"]
[WhiteFideId "45039895"]
[BlackFideId "5091756"]
[WhiteElo "2067"]
[BlackElo "2418"]
[Result "0-1"]
[Round "09"]
[TimeControl "180+2"]
[Date "2023.02.07"]
[WhiteClock "0:00:04"]
[BlackClock "0:00:07"]

1. e4 c5 2. Nf3 e6 3. g3 d5 4. exd5 exd5 5. Bg2 Nc6 6. d4 cxd4 7. Nxd4 Bc5 8. Nb3 Qe7+ 9. Qe2 Bb6 10. Nc3 Nf6 11. Bg5 Qxe2+ 12. Kxe2 Bg4+ 13. Kf1 Nb4 14. Bxf6 gxf6 15. Nxd5 Nxd5 16. Bxd5 O-O-O 17. Bg2 Rhe8 18. h3 Bd1 19. a4 Re2 20. a5 Rxf2+ 21. Kg1 Be3 22. Kh2 Bf3 23. Rhg1 Rxc2 24. Kh1 Bxg1 25. Bxf3 Be3 26. a6 b6 27. Re1 Bf2 28. Re7 Bxg3 29. Rb7 f5 30. Rxf7 Rd3 31. Rxf5 Rxb3 32. Bg4 Kc7 33. Rf7+ Kd6 34. Rd7+ Ke5 35. Re7+ Kf4 36. Rf7+ Kg5 37. Rg7+ Kf6 38. Rxh7 Rbxb2 39. Rd7 Rc1+ 40. Rd1 Rxd1+ 41. Bxd1 Rb1 42. Kg2 Rxd1 43. Kxg3 Ra1 44. Kh4 Rxa6 45. Kh5 Ra4 46. h4 Rb4 0-1


[Site "https://www.chess.com"]

[Event "Titled Tuesday Blitz February 07 Early 2023"]
[White "Defend, Balint"]
[Black "Harshavardhan G B"]
[WhiteFideId "17004853"]
[BlackFideId "25059009"]
[WhiteElo "1673"]
[BlackElo "2408"]
[Result "0-1"]
[Round "09"]
[TimeControl "180+2"]
[Date "2023.02.07"]
[WhiteClock "0:00:17"]
[BlackClock "0:00:44"]

1. e4 e5 2. Nf3 Nc6 3. Bc4 Nf6 4. d4 exd4 5. e5 d5 6. Bb5 Ne4 7. Nxd4 Bd7 8. Bxc6 bxc6 9. O-O Bc5 10. f3 Ng5 11. Be3 Bb6 12. f4 Ne4 13. Nd2 Nxd2 14. Qxd2 c5 15. Nf3 d4 16. Bf2 Bc6 17. c4 Qd7 18. Ne1 h5 19. Nd3 a5 20. a4 h4 21. h3 Qf5 22. Qe2 Rh6 23. Kh2 Be4 24. Rad1 O-O-O 25. b4 axb4 26. a5 Ba7 27. Be1 Rg6 28. Rf2 Rg3 29. Nc1 Rh8 30. Qb2 Rh6 31. Ne2 Bxg2 32. Kg1 Qxh3 33. Nxg3 hxg3 34. Rxg2 Qh1# 0-1


[Site "https://www.chess.com"]